 Dungeon Crawl Stone Soup version 0.27-a0-379-g34d631faf5 (webtiles) character file.

Game seed: 11103306506595676366

174 ReteAZ the Covert (level 5, -3/30 HPs)
             Began as a Kobold Brigand on Feb 17, 2021.
             Killed by divine providence
             ... invoked by an orc priest
              (11 damage)
             ... on level 3 of the Dungeon.
             The game lasted 00:07:02 (3326 turns).

ReteAZ the Covert (Kobold Brigand)                  Turns: 3326, Time: 00:07:02

Health: -3/30      AC: 10    Str:  8    XL:     5   Next: 84%
Magic:  5/5        EV: 16    Int: 13    God:
Gold:   161        SH:  0    Dex: 17    Spells: 4/4 levels left

rFire    + . .     SeeInvis .   a - +2 dagger (venom)
rCold    . . .     Faith    .   (shield restricted)
rNeg     . . .     Spirit   .   j - +0 robe
rPois    .         Reflect  .   y - +1 helmet
rElec    .         Harm     .   c - +0 cloak
rCorr    .         Rampage  .   (no gloves)
Will     .....                  h - +0 pair of boots
Stlth    +++++.....             (no amulet)
HPRegen  0.10/turn              f - ring of protection from fire
MPRegen  0.09/turn              o - +4 ring of protection

@: no status effects
A: small, nightstalker 3
a: no special abilities


You were on level 3 of the Dungeon.
You visited 1 branch of the dungeon, and saw 4 of its levels.

You collected 161 gold pieces.

Inventory:

Hand Weapons
 a - a +2 dagger of venom (weapon)
 b - a +0 short sword
 s - a +1 dagger of holy wrath
 t - a +2 dagger
Missiles
 d - 21 poisoned darts (quivered)
 e - 2 curare-tipped darts
 l - 6 atropa-tipped darts
Armour
 c - a +0 cloak (worn)
 h - a +0 pair of boots (worn)
 j - a +0 robe (worn)
 y - a +1 helmet (worn)
 A - a +0 ring mail
Jewellery
 f - a ring of protection from fire (left hand)
 o - a +4 ring of protection (right hand)
Scrolls
 i - 2 scrolls of teleportation {unknown}
 n - a scroll of immolation {unknown}
 q - a scroll of magic mapping {unknown}
 r - 2 scrolls of identify {unknown}
 v - a scroll of blinking {unknown}
Potions
 g - 3 potions of curing
 k - a potion of brilliance {unknown}
 m - a potion of lignification {unknown}
 p - a potion of berserk rage {unknown}
 u - a potion of cancellation {unknown}
 w - a potion of haste {unknown}
 x - a potion of attraction {unknown}
 z - a potion of invisibility {unknown}


   Skills:
 - Level 2.1 Fighting
 - Level 2.6 Short Blades
 - Level 2.1 Throwing
 + Level 3.6 Dodging
 * Level 8.2 Stealth


You had 4 spell levels left.
You didn't know any spells.
Your spell library was empty.

Dungeon Overview and Level Annotations

Branches:
Dungeon (4/15)
 Temple: D:4-7

Altars:
Ashenzari
Fedhas
Qazlal


Innate Abilities, Weirdness & Mutations

You are small and have problems with some larger weapons.
You are completely attuned to the shadows.


Message History

There is a stone staircase leading down here.
You hit the orc.
The orc is poisoned.
The orc is heavily wounded.
You hit the orc.
You kill the orc!
You see here an orc corpse.
There is a stone staircase leading down here.
You start resting.
HP restored.
You climb downwards.
There is a stone staircase leading up here.
You barely miss the orc priest.
The orc priest hits you but does no damage.
You hit the orc priest.
The orc priest is poisoned.
The orc priest is lightly wounded.
You closely miss the orc priest.
The orc priest is lightly wounded.
The orc priest hits you with a +0 mace.
You hit the orc priest but do no damage.
The orc priest looks as sick as possible!
The orc priest is moderately wounded.
The orc priest calls down the wrath of Beogh upon you.
Beogh smites you!
You hear a shout!
You are too injured to fight recklessly!
You are too injured to fight recklessly!
You are too injured to fight recklessly!
You barely miss the orc priest.
The orc priest is moderately wounded.
The orc priest mumbles some strange prayers to Beogh against you.
Pain shoots through your body!
* * * LOW HITPOINT WARNING * * *
The orc priest closely misses you.
You climb upwards.
There is a stone staircase leading down here.
You closely miss the orc priest.
The orc priest is heavily wounded.
The orc priest mumbles some strange prayers to Beogh against you.
Beogh smites you!
You die...

#.# #.# #..#####+#.###...#
#.###'###..#.......###...#
#..........#.............#
#........#.#......#####..#
#........#.#......#####..#
#..........#......+......#
#.....###..#......######.#
#.....#
#..#......######.##
#######
#†@o.........[.....
####......######...
#......# #....## ########
#.##.# ##...# #.### ♣♣♣♣♣
#.# ♣♣...♣♣ #.# ♣♣.....♣♣
#.#


You could see an orc priest (extremely poisoned).

Vanquished Creatures
  An orc wizard (D:4)
  A worker ant (D:3)
  Robin (D:2)
  3 adders
  A howler monkey skeleton (D:4)
  An ooze (D:2)
  A worm (D:2)
  2 leopard geckos (D:1)
  6 orcs
  3 giant cockroaches
  12 goblins
  9 hobgoblins
  5 jackals (D:2)
  5 kobolds
  A bat (D:2)
  10 rats
62 creatures vanquished.

Notes
Turn   | Place    | Note
-------+----------+-------------------------------------------
     0 | D:1      | ReteAZ the Kobold Brigand began the quest for the Orb.
     0 | D:1      | Reached XP level 1. HP: 12/12 MP: 1/1
    92 | D:1      | Reached XP level 2. HP: 17/17 MP: 2/2
   333 | D:1      | Reached skill level 6 in Stealth
   568 | D:1      | Reached XP level 3. HP: 21/21 MP: 3/3
   607 | D:2      | Noticed Robin
   999 | D:2      | Reached XP level 4. HP: 26/26 MP: 4/4
  1062 | D:2      | Found a faded altar of an unknown god.
  1302 | D:2      | Reached skill level 7 in Stealth
  1454 | D:2      | Killed Robin
  2086 | D:3      | Found a blossoming altar of Fedhas.
  2164 | D:3      | Found a stormy altar of Qazlal.
  2234 | D:3      | Found a broken altar of Ashenzari.
  2645 | D:4      | Reached XP level 5. HP: 30/30 MP: 5/5
  2925 | D:3      | Reached skill level 8 in Stealth
  3326 | D:3      | Killed from afar by an orc priest

Illustrated notes

Levels and vault maps discovered:
D:1:      minmay_arrival_loop, layout_basic, bh_walls_and_bars
D:2:      layout_basic, chequers_ecumenical_altar_simple, uniq_robin
D:3:      layout_basic, cheibrodos_ashenzari_chains, lemuel_doored_altar,
          eino_tiny_chamber, fedhas_altar_fruit_tree
D:4:      layout_loops_ring, lemuel_coloured_pillars_altar,
          serial_co_window_serial, co_window_corner_a, co_window_paths_a,
          co_window_paths_a, co_window_paths_a, co_window_paths_b,
          co_window_corner_b, co_window_paths_c, co_window_unsneaky_path_c,
          co_window_paths_e, co_window_4corner_b, glass_columns_b,
          glass_columns_a, st_stairs_10, kennysheep_small_spiral, uniq_pikel

Skill      XL: |  1  2  3  4  5 |
---------------+----------------+-----
Stealth        | 6 7 8 |  8.2
Dodging        | 2 3 |  3.6
Fighting       | |  2.1
Short Blades   | |  2.6
Throwing       | |  2.1

Action                   |  1- 3 |  4- 6 || total
-------------------------+-------+-------++-------
Melee: Dagger            |    32 |   142 ||   174
       Short sword       |    32 |       ||    32
Throw: Dart              |       |     4 ||     4
  Use: Potion            |       |     1 ||     1
 Stab: Sleeping          |    20 |     2 ||    22
Armor: Robe              |    13 |    36 ||    49
Dodge: Dodged            |    34 |    91 ||   125

Table legend: (Time is in decaauts)
 A = Elapsed time spent in this place.
 B = Non-inter-level travel time spent in this place.
 C = Inter-level travel time spent in this place.
 D = Time resting spent in this place.
 E = Time spent auto-exploring this place.
 F = Levels seen in this place.
 G = Mean time per level.
                   A        B        C        D        E       F      G
               +--------+--------+--------+--------+--------+-----+--------+
         Total |   3300 |   3159 |    141 |    426 |   1898 |   4 |  825.0 |
       Dungeon |   3300 |   3159 |    141 |    426 |   1898 |   4 |  825.0 |
               +--------+--------+--------+--------+--------+-----+--------+

Top non-repeatable levels by time:
     D:2: 1247 daAuts
     D:3: 923 daAuts
     D:1: 667 daAuts
     D:4: 462 daAuts
